 Dungeon Crawl Stone Soup version 0.31-a0-164-g2312942fda (webtiles) character file.

Game seed: 231240750663558253

111 Moral the Vexing (level 4, -11/25 HPs)
             Began as a Deep Elf Hexslinger on June 14, 2023.
             Mangled by a kobold
             ... wielding a +2 short sword of electrocution
              (20 damage)
             ... on level 3 of the Dungeon.
             The game lasted 00:08:00 (1956 turns).

Moral the Vexing (Deep Elf Hexslinger)              Turns: 1956, Time: 00:08:01

Health: -11/25     AC:  2    Str:  5    XL:     4   Next: 62%
Magic:  3/10       EV: 13    Int: 20    God:
Gold:   126        SH:  0    Dex: 17    Spells: 5/9 levels left

rFire   . . .        a - +2 sling
rCold   . . .        (no shield)
rNeg    . . .        c - +0 robe
rPois   .            (no helmet)
rElec   .            (no cloak)
rCorr   .            (no gloves)
SInv    .            (no boots)
Will    .....        (no amulet)
Stlth   ++           (no ring)
HPRegen 0.24/turn    (no ring)
MPRegen 0.12/turn

%: no passive effects
@: no status effects
A: no striking features
a: no special abilities


You were on level 3 of the Dungeon.
You visited 1 branch of the dungeon, and saw 3 of its levels.

You collected 126 gold pieces.

Inventory:

Hand Weapons
 a - a +2 sling (weapon)
Armour
 c - a +0 robe (worn)
 e - a +0 pair of gloves
Scrolls
 b - a scroll of poison
Potions
 d - 2 potions of curing {unknown}
 f - a potion of lignification {unknown}
 g - a potion of cancellation {unknown}
 i - 4 potions of haste {unknown}


   Skills:
 + Level 1.3 Fighting
 + Level 3.4 Ranged Weapons
 + Level 3.1 Dodging
 + Level 1.4 Stealth
 * Level 3.1 Spellcasting
 * Level 5.1 Hexes


You had 5 spell levels left.
You knew the following spells:

 Your Spells              Type           Power      Damage    Failure   Level
a - Slow                  Hex            92%        N/A       1%          1
b - Inner Flame           Hex/Fire       13%        N/A       14%         3

Your spell library contained the following spells:

 Spells                   Type           Power      Damage    Failure   Level
 Portal Projectile        Hex/Tloc       26%        N/A       14%         3
 Cause Fear               Hex            11%        N/A       17%         4


Dungeon Overview and Level Annotations

Branches:
Dungeon (3/15)

Altars:


Message History

The sling bullet closely misses the orc.
Fire: a) +2 sling
Press: ? - help, Q - select action, (/) - cycle Shift-Dir - straight line, f/p - orc
Aim: an orc, wielding a +0 hand axe (60% to hit)
You shoot a sling bullet. The sling bullet hits the orc.
The orc is heavily wounded.
A rat comes into view.
The orc misses you.
Fire: a) +2 sling
Press: ? - help, Q - select action, (/) - cycle Shift-Dir - straight line, f - goblin, p - orc
Aim: a goblin, wielding a +0 club (inner flame, 53% to hit)
You shoot a sling bullet. The sling bullet hits the orc!
You kill the orc!
The rat closely misses you. The orc hits you with a +0 hand axe. x2
The rat bites you but does no damage. The goblin attacks as you move away!
The goblin hits you with a +0 club. The orc barely misses you.
The rat misses you. The rat misses you. The orc attacks as you move away!
The orc hits you with a +0 hand axe.
A rat comes into view.
The goblin closely misses you. The orc attacks as you move away!
The orc misses you.
A kobold comes into view.
It is wielding a +2 short sword of electrocution.
The kobold shouts!
Fire: a) +2 sling
Press: ? - help, Q - select action, (/) - cycle Shift-Dir - straight line, f - hobgoblin, p - goblin
Aim: a hobgoblin (inner flame, 60% to hit)
You shoot a sling bullet. The sling bullet hits the hobgoblin.
The hobgoblin explodes!
The fiery explosion engulfs the orc!!!
You kill the orc!
The fiery explosion engulfs the orc!!!
You kill the orc!
The goblin barely misses you.
Found a flail.
Found a scroll labelled VAG YGUTUGOXT.
The kobold hits you with a +2 short sword of electrocution.
You are electrocuted!!
Ouch! That really hurt!
You die...

.# ## ... ..
..).. ##.###.
....## .......
........
.......
.........)
?....
.......)..
#..##.r....°...
#.@K###......
#.#g§§§....#
#.#.§)§.)#.#
#.##.#...#.# #.
#r......# ..
###.##..# ..
#..<..# ..
###..>.....
#.#######


You could see a goblin (inner flame), a kobold and 2 rats.

Vanquished Creatures
  An orc wizard (D:3)
  3 adders (D:2)
  2 dart slugs (D:1)
  4 orcs (D:3)
  2 ball pythons (D:1)
  3 bats
  3 endoplasms (D:1)
  6 giant cockroaches
  5 goblins
  2 hobgoblins
  6 jackals (D:2)
  A quokka (D:1)
  2 frilled lizards (D:1)
  2 kobolds
  2 rats (D:1)
44 creatures vanquished.

Notes
Turn   | Place    | Note
-------+----------+-------------------------------------------
     0 | D:1      | Moral the Deep Elf Hexslinger began the quest for the Orb.
     0 | D:1      | Reached XP level 1. HP: 11/11 MP: 5/5
   119 | D:1      | Reached XP level 2. HP: 16/16 MP: 6/6
   186 | D:1      | Reached skill level 1 in Fighting
   566 | D:2      | Reached XP level 3. HP: 11/20 MP: 8/8
   642 | D:2      | Learned a level 3 spell: Inner Flame
   690 | D:2      | Reached skill level 1 in Stealth
  1425 | D:2      | Reached XP level 4. HP: 6/25 MP: 10/10
  1429 | D:2      | HP: 1/25 [poisoned by an adder]
  1941 | D:3      | Reached skill level 5 in Hexes
  1956 | D:3      | Mangled by a kobold

Illustrated notes

Levels and vault maps discovered:
D:1:      lightli_arrival_chessboard, layout_loops_ring
D:2:      layout_basic, amcnicky_mini_pool_small
D:3:      layout_basic, minmay_randomly_rotated_circles

Skill      XL: |  1  2  3  4 |
---------------+-------------+-----
Spellcasting   | 2 3 |  3.1
Fighting       | 1 |  1.3
Ranged Weapons | 3 |  3.4
Stealth        | 1 |  1.4
Dodging        | 3 |  3.1
Hexes          | 5 |  5.1

Action                     |  1- 3 |  4- 6 || total
---------------------------+-------+-------++-------
   Fire: Sling             |   100 |    10 ||   110
   Cast: Slow              |     3 |       ||     3
         Inner Flame       |       |     3 ||     3
    Use: Scroll            |       |     5 ||     5
 Armour: Robe              |    14 |     1 ||    15
  Dodge: Dodged            |    43 |     8 ||    51

Table legend: (Time is in decaauts)
 A = Elapsed time spent in this place.
 B = Non-inter-level travel time spent in this place.
 C = Inter-level travel time spent in this place.
 D = Time resting spent in this place.
 E = Time spent auto-exploring this place.
 F = Levels seen in this place.
 G = Mean time per level.
                   A        B        C        D        E       F      G
               +--------+--------+--------+--------+--------+-----+--------+
         Total |   1983 |   1983 |      0 |    663 |   1018 |   3 |  661.0 |
       Dungeon |   1983 |   1983 |      0 |    663 |   1018 |   3 |  661.0 |
               +--------+--------+--------+--------+--------+-----+--------+

Top non-repeatable levels by time:
     D:2: 1396 daAuts
     D:1: 561 daAuts
     D:3: 26 daAuts
